 Dungeon Crawl Stone Soup version 0.25-a0-645-gb4487340cb (webtiles) character file.

Game seed: 4462792401639041370, levelgen mode: deterministic

175 ReteAZ the Slasher (level 5, -8/42 HPs)
             Began as a Barachi Gladiator on Mar 21, 2020.
             Mangled by a troll (9 damage)
             ... on level 3 of the Dungeon.
             The game lasted 00:04:09 (3980 turns).

ReteAZ the Slasher (Barachi Gladiator)              Turns: 3980, Time: 00:04:10

Health: -8/42      AC:  5    Str: 15    XL:     5   Next: 55%
Magic:  5/5        EV: 14    Int:  9    God:
Gold:   70         SH:  0    Dex: 14    Spells: 4/4 levels left

rFire    . . .     SeeInvis .   a - +0 long sword
rCold    . . .     Gourm    .   (no shield)
rNeg     . . .     Faith    .   b - +0 leather armour
rPois    .         Spirit   .   c - +0 helmet
rElec    .         Reflect  .   g - +0 cloak
rCorr    .         Harm     .   (no gloves)
MR       .....                  (no boots)
Stlth    +.........             (no amulet)
HPRegen  0.14/turn              (no ring)
MPRegen  0.09/turn              (no ring)

@: slow
A: +LOS, swims, slowness 1, strong legs 1
a: Hop


You were on level 3 of the Dungeon.
You were very hungry.

You visited 1 branch of the dungeon, and saw 4 of its levels.

You collected 70 gold pieces.

Inventory:

Hand Weapons
 a - a +0 long sword (weapon)
Missiles
 d - 3 throwing nets (quivered)
Armour
 b - a +0 leather armour (worn)
 c - a +0 helmet (worn)
 g - a +0 cloak (worn)
Scrolls
 e - 3 scrolls of identify {unknown}
 i - a scroll of enchant weapon {unknown}
 j - 2 scrolls of remove curse {unknown}
 k - a scroll of amnesia
 m - a scroll of enchant armour {unknown}
 o - a scroll of teleportation {unknown}
Potions
 l - a potion of curing {unknown}
 n - a potion of flight {unknown}
 q - 2 potions of ambrosia {unknown}
Comestibles
 f - 8 rations


   Skills:
 + Level 3.9 Fighting
 * Level 5.7 Long Blades
 - Level 2.0 Throwing
 + Level 4.3 Dodging


You had 4 spell levels left.
You didn't know any spells.
Your spell library was empty.

Dungeon Overview and Level Annotations

Branches:
Dungeon (4/15)
 Temple: D:4-7

Altars:
Wu Jian

Annotations:
D:4 Pikel


Innate Abilities, Weirdness & Mutations

You can be seen from farther away. (+LOS)
You can swim through water.
You cover ground slowly.
You can hop short distances.


Message History

You climb upwards.
There is a stone staircase leading down here.
Okay, then.
You feel much better. The slave hits you but does no damage.
The slave closely misses you. The troll bites you!
* * * LOW HITPOINT WARNING * * *
The troll claws you.
* * * LOW HITPOINT WARNING * * *
The troll claws you!
* * * LOW HITPOINT WARNING * * *
The slave misses you.
Okay, then.
Okay, then.
As you read the scroll labeled BEMACYUH CIUN FUQ, it crumbles to dust.
It is a scroll of amnesia.
You feel forgetful for a moment. The slave closely misses you. x2
You riposte.
You hit the slave.
The slave is lightly wounded.
The troll bites you!
You die...

######
##....#################
#......p...............
#....p@T...............
#.....p#<..........###.
#......###########.# #.
#.####.# #.# #.
#.####.# #.# #.
#......# #.# #.
######.###########.####
#.....................
#.######......)..##.##


You could see a troll and 3 slaves.

Vanquished Creatures
  A howler monkey (D:4)
  A worker ant (D:4)
  An iguana (D:4)
  Robin (D:2)
  3 worms (D:2)
  2 dart slugs (D:2)
  3 leopard geckos
  An orc (D:3)
  5 bats
  A giant cockroach (D:4)
  11 hobgoblins
  2 jackals (D:1)
  9 kobolds
  4 frilled lizards
  14 goblins
  2 rats
61 creatures vanquished.

Notes
Turn   | Place    | Note
-------+----------+-------------------------------------------
     0 | D:1      | ReteAZ the Barachi Gladiator began the quest for the Orb.
     0 | D:1      | Reached XP level 1. HP: 17/17 MP: 1/1
   300 | D:1      | Reached skill level 4 in Long Blades
   300 | D:1      | Reached XP level 2. HP: 20/23 MP: 2/2
  1062 | D:2      | Reached XP level 3. HP: 28/28 MP: 3/3
  2403 | D:3      | Reached XP level 4. HP: 33/35 MP: 4/4
  2460 | D:3      | Noticed Robin
  2515 | D:2      | Killed Robin
  2515 | D:2      | Reached skill level 5 in Long Blades
  2773 | D:3      | Found an ornate altar of the Wu Jian Council.
  3698 | D:4      | Reached XP level 5. HP: 42/42 MP: 5/5
  3790 | D:4      | Noticed a phantom
  3976 | D:4      | Noticed Pikel
  3976 | D:4      | Noticed a slave
  3976 | D:4      | Noticed a slave
  3976 | D:4      | Noticed a slave
  3976 | D:4      | Noticed a slave
  3976 | D:4      | Noticed a troll
  3979 | D:3      | HP: 1/42 [troll (8)]
  3980 | D:3      | Mangled by a troll

Levels and vault maps discovered:
D:1:      lemuel_arrival_tunnels, layout_loops_cross
D:2:      layout_basic, first_ration
D:3:      layout_basic, old_standard_altar, serial_curves, eino_curves_04,
          eino_curves_02, uniq_robin
D:4:      layout_gridville, minitemple, uniq_pikel, uniq_sigmund

Skill      XL: |  1  2  3  4 |
---------------+-------------+-----
Long Blades    | 4 5 |  5.7
Fighting       | 3 |  3.9
Dodging        | 4 |  4.3
Throwing       | |  2.0

Action                   |  1- 3 |  4- 6 || total
-------------------------+-------+-------++-------
Melee: Long sword        |   116 |    77 ||   193
  Use: Potion            |       |     2 ||     2
       Scroll            |       |     1 ||     1
 Stab: Sleeping          |     2 |       ||     2
  Eat: Chunk             |     5 |     5 ||    10
Armor: Leather armour    |    22 |    29 ||    51
Dodge: Dodged            |    70 |    86 ||   156
       Rpst.: Long sword |    29 |    27 ||    56

Table legend:
 A = Non-vault XP
 B = Vault XP
 C = Vault XP percentage of total XP
 D = Non-vault monster count
 E = Vault monster count
 F = Vault count percentage of total count
                 A         B        C        D         E       F
            +---------+---------+-------+---------+---------+-------
      Total |     213 |      37 |  14.8 |      48 |      13 |  21.3
            +---------+---------+-------+---------+---------+-------
        D:1 |      31 |       0 |   0.0 |      19 |       0 |   0.0
        D:2 |      46 |      20 |  30.3 |      18 |       4 |  18.2
        D:3 |      12 |      17 |  58.6 |       7 |       9 |  56.2
        D:4 |     124 |       0 |   0.0 |       4 |       0 |   0.0
            +---------+---------+-------+---------+---------+-------
